 Dungeon Crawl Stone Soup version 0.29-a0-1016-g236c7fd91e (webtiles) character file.

Game seed: 8016306709476213379

998 flotson the Trooper (level 8, -6/62 HPs)
             Began as a Demonspawn Delver on Aug 10, 2022.
             Was an Initiate of Gozag.
             Mangled by a wyvern (14 damage)
             ... on level 6 of the Dungeon.
             The game lasted 00:08:36 (6468 turns).

flotson the Trooper (Demonspawn Delver)             Turns: 6468, Time: 00:08:37

Health: -6/62      AC: 11    Str: 15    XL:     8   Next: 0%
Magic:  8/8        EV: 11    Int: 12    God:    Gozag
Gold:   527        SH:  0    Dex: 20    Spells: 7/7 levels left

rFire   . . .      SeeInvis .   a - +0 hand axe
rCold   . . .      Faith    .   (no shield)
rNeg    . . .      Spirit   .   p - +0 scale mail
rPois   .          Reflect  .   D - +1 hat
rElec   .          Harm     .   (no cloak)
rCorr   .          Rampage  .   (no gloves)
Will    .....                   n - +0 pair of boots
Stlth   ++........              C - amulet of regeneration
HPRegen 1.00/turn               A - +6 ring of dexterity
MPRegen 0.22/turn               (no ring)

@: no status effects
A: slimy green scales 1, magic regeneration, demonic touch 2
a: Renounce Religion, Potion Petition, Call Merchant, Bribe Branch


You were on level 6 of the Dungeon.
You worshipped Gozag.
Gozag was pleased with you.
You visited 2 branches of the dungeon, and saw 7 of its levels.

You collected 637 gold pieces.
You paid 110 gold pieces to Gozag.

Inventory:

Hand Weapons
 a - a +0 hand axe (weapon)
Missiles
 b - 5 curare-tipped darts (quivered)
 i - 4 silver javelins
 q - a throwing net
 v - 12 poisoned darts
 E - 3 boomerangs
Armour
 n - a +0 pair of boots (worn)
 p - a +0 scale mail (worn)
 D - a +1 hat (worn)
Jewellery
 m - an amulet of the acrobat
 x - a ring of ice
 A - a +6 ring of dexterity (left hand)
 C - an amulet of regeneration (around neck)
Wands
 g - a wand of digging (3)
 j - a wand of quicksilver (6)
Scrolls
 c - 2 scrolls of fog
 d - a scroll of magic mapping
 e - 2 scrolls of fear
 h - a scroll of noise {unknown}
 k - 3 scrolls of identify {unknown}
 l - 2 scrolls of vulnerability {unknown}
 r - 2 scrolls of teleportation {unknown}
 t - a scroll of enchant armour {unknown}
 u - a scroll of poison {unknown}
 w - a scroll of immolation {unknown}
 y - a scroll of torment {unknown}
 F - a scroll of enchant weapon {unknown}
Potions
 f - 3 potions of haste
 o - a potion of curing
 s - a potion of invisibility {unknown}
 B - a potion of magic {unknown}


   Skills:
 + Level 5.1 Fighting
 - Level 1.7 Axes
 + Level 3.4 Throwing
 + Level 3.4 Armour
 + Level 4.1 Dodging
 - Level 4.5 Stealth
 + Level 3.8 Evocations


You had 7 spell levels left.
You didn't know any spells.
Your spell library contained the following spells:

 Spells                   Type           Power      Damage    Failure   Level
 Poisonous Vapours        Pois/Air       0%         N/A       88%         2
 Frozen Ramparts          Ice            0%         1d1       98%         3
 Ozocubu's Armour         Ice            0%         N/A       98%         3
 Ice Form                 Ice/Tmut       0%         N/A       100%        4
 Summon Ice Beast         Ice/Summ       0%         N/A       100%        4
 Ozocubu's Refrigeration  Ice            0%         4d7       100%        7
 Corpse Rot               Necr/Pois/Air  Unusable   N/A       N/A         4

Dungeon Overview and Level Annotations

Branches:
Dungeon (6/15)             Temple (1/1) D:4

Altars:
Ashenzari
Cheibriados
Dithmenos
Fedhas
Gozag
Hepliaklqana
Kikubaaqudgha
Makhleb
Nemelex Xobeh
Okawaru
Qazlal
Ru
Sif Muna
Trog
Uskayaw
Vehumet
Wu Jian
Yredelemnul

Annotations:
D:5 3 runed translucent doors, Manisian's ghost, novice SpEn; ders's ghost, amateur GrEE; gdog's ghost, weakling GnDe; mandarbmax's ghost, novice OgTm
D:6 Dowan; Duvessa; Menkaure


Innate Abilities, Weirdness & Mutations

You are partially covered in slimy green scales. (AC +2)
You regenerate magic rapidly.
Your touch may inflict irresistible damage on your foes.


Message History

You hit the wyvern. Your touch misses the wyvern.
The wyvern is lightly wounded.
The wyvern bites you! x2
You hit the wyvern but do no damage.
The wyvern is lightly wounded.
The wyvern bites you! The wyvern barely misses you.
You are too injured to fight recklessly!
You are too injured to fight recklessly!
You are too injured to fight recklessly!
You are too injured to fight recklessly!
You are too injured to fight recklessly!
You are too injured to fight recklessly!
You are too injured to fight recklessly!
You hit the wyvern.
The wyvern is moderately wounded.
The wyvern closely misses you. x2
You closely miss the wyvern.
You touch the wyvern!
The wyvern is severely wounded.
The wyvern bites you!
* * * LOW HITPOINT WARNING * * *
The wyvern hisses menacingly.
The wyvern bites you.
* * * LOW HITPOINT WARNING * * *
You hit the wyvern.
The wyvern is almost dead.
The wyvern bites you but does no damage.
You closely miss the wyvern. Your touch misses the wyvern.
The wyvern is almost dead.
The wyvern bites you.
* * * LOW HITPOINT WARNING * * *
The wyvern hisses menacingly.
The wyvern barely misses you.
You completely miss the wyvern.
The wyvern is almost dead.
The wyvern bites you but does no damage.
The wyvern bites you!
* * * LOW HITPOINT WARNING * * *
You feel better. The wyvern bites you!
You die...
Your body crumbles into a pile of gold.

##### . ###...#
....#.....## #
#.....<...#.#
##.....#....###
$ ##...##@.....#
....####l......#
..... #........
....# ###....#.
...# ...## ..#
..... ......
.........
.........


You could see a wyvern.

Vanquished Creatures
  Grinder (D:3)
  A kobold brigand (D:3)
  2 scorpions
  2 orc priests (D:5)
  2 jellies (D:5)
  3 hounds
  An iguana (D:5)
  2 gnoll boudas
  2 orc wizards
  6 gnolls
  6 adders
  2 ufetubi (D:5)
  5 worms
  3 dart slugs
  13 orcs
  9 bats
  8 endoplasms
  4 giant cockroaches
  4 goblins
  6 hobgoblins
  7 jackals
  9 kobolds
  7 quokkas
  13 ball pythons
  5 frilled lizards
  5 rats
128 creatures vanquished.

Vanquished Creatures (others)
  2 withered plants (D:5)
2 creatures vanquished.

Grand Total: 130 creatures vanquished

Notes
Turn   | Place    | Note
-------+----------+-------------------------------------------
     0 | D:5      | flotson the Demonspawn Delver began the quest for the Orb.
     0 | D:5      | Reached XP level 1. HP: 18/18 MP: 1/1
    30 | D:5      | Found a runed translucent gate.
    31 | D:5      | Found a runed translucent gate.
    32 | D:5      | Found a runed translucent gate.
    33 | D:5      | Noticed gdog's ghost (weakling GnDe)
    34 | D:5      | Noticed Manisian's ghost (novice SpEn)
    34 | D:5      | Noticed mandarbmax's ghost (novice OgTm)
    34 | D:5      | Noticed ders's ghost (amateur GrEE)
    53 | D:5      | Noticed an orc priest
   755 | D:2      | Gained mutation: You regenerate magic rapidly. [demonic
                  | ancestry]
   755 | D:2      | Reached XP level 2. HP: 14/24 MP: 2/2
  1192 | D:2      | Reached skill level 1 in Evocations
  1225 | D:2      | Gained mutation: Your touch may inflict minor irresistible
                  | damage on your foes. [demonic ancestry]
  1225 | D:2      | Reached XP level 3. HP: 29/29 MP: 3/3
  1370 | D:2      | You fall into a shaft and drop 2 floors!
  1502 | D:2      | Reached skill level 1 in Throwing
  1502 | D:2      | Reached skill level 1 in Armour
  1789 | D:1      | Gained mutation: Your touch may inflict irresistible damage
                  | on your foes. [demonic ancestry]
  1789 | D:1      | Reached XP level 4. HP: 31/35 MP: 4/4
  2145 | D:1      | Found a faded altar of an unknown god.
  3349 | D:3      | Noticed Grinder
  3353 | D:3      | Killed Grinder
  3354 | D:3      | Reached skill level 4 in Fighting
  3354 | D:3      | Reached XP level 5. HP: 12/42 MP: 5/5
  3354 | D:3      | Reached XP level 6. HP: 14/48 MP: 6/6
  4192 | D:4      | Found a staircase to the Ecumenical Temple.
  4198 | Temple   | Entered the Ecumenical Temple
  4255 | Temple   | Became a worshipper of Gozag Ym Sagoz the Greedy
  5179 | D:4      | Gained mutation: You are partially covered in slimy green
                  | scales. (AC +2) [demonic ancestry]
  5179 | D:4      | Reached XP level 7. HP: 51/55 MP: 7/7
  6200 | D:5      | Reached skill level 5 in Fighting
  6377 | D:6      | Noticed Dowan
  6378 | D:6      | Noticed Duvessa
  6409 | D:6      | Noticed Menkaure
  6455 | D:6      | Reached XP level 8. HP: 62/62 MP: 8/8
  6467 | D:6      | HP: 2/62 [wyvern (8)]
  6468 | D:6      | Mangled by a wyvern

Illustrated notes

Levels and vault maps discovered:
D:1:      minmay_arrival_radiant_lines, layout_basic,
          nicolae_ecumenical_snake_handling, minmay_octomino_c4
D:2:      layout_loops_cross
D:3:      layout_loops_ring, uniq_grinder
D:4:      minmay_bubble_buster, layout_basic,
          minmay_temple_entry_enclosed_plants, hangedman_decor_push,
          hangedman_decor_growths
D:5:      layout_basic, gammafunk_ghost_cemetery
D:6:      layout_cave_pools, uniq_maggie, uniq_duvessa, uniq_menkaure
Temple:   kilobyte_greek_temple

Skill      XL: |  1  2  3  4  5  6  7 |
---------------+----------------------+-----
Dodging        | 2 3 4 |  4.1
Evocations     | 1 2 3 |  3.8
Throwing       | 1 2 3 |  3.4
Armour         | 1 2 3 |  3.4
Fighting       | 4 5 |  5.1
Axes           | |  1.7
Stealth        | |  4.5

Action                   |  1- 3 |  4- 6 |  7- 9 || total
-------------------------+-------+-------+-------++-------
Melee: Hand axe          |    79 |   170 |   116 ||   365
       Punch             |     1 |       |       ||     1
       Touch             |     6 |    38 |    34 ||    78
Throw: Javelin           |       |     4 |     9 ||    13
  Use: Potion            |       |     5 |     1 ||     6
       Scroll            |       |       |     1 ||     1
 Stab: Sleeping          |     4 |       |       ||     4
       Distracted        |     1 |       |       ||     1
Armor: Leather armour    |    22 |       |       ||    22
       Scale mail        |    19 |    66 |    48 ||   133
Dodge: Dodged            |    59 |    99 |    81 ||   239

Table legend: (Time is in decaauts)
 A = Elapsed time spent in this place.
 B = Non-inter-level travel time spent in this place.
 C = Inter-level travel time spent in this place.
 D = Time resting spent in this place.
 E = Time spent auto-exploring this place.
 F = Levels seen in this place.
 G = Mean time per level.
                   A        B        C        D        E       F      G
               +--------+--------+--------+--------+--------+-----+--------+
         Total |   6516 |   6158 |    358 |    290 |   4739 |   7 |  930.9 |
       Dungeon |   6418 |   6100 |    318 |    290 |   4696 |   6 | 1069.7 |
        Temple |     97 |     57 |     40 |      0 |     43 |   1 |   97.0 |
               +--------+--------+--------+--------+--------+-----+--------+

Top non-repeatable levels by time:
     D:4: 1905 daAuts
     D:2: 1335 daAuts
     D:1: 1205 daAuts
     D:3: 1133 daAuts
     D:5: 812 daAuts
  Temple: 97 daAuts
     D:6: 26 daAuts
